 Dungeon Crawl Stone Soup version 0.28.0-47-ge53b351184 (webtiles) character file.

Game seed: 14160690385267923646

1722 Peloso the Carver (level 8, -3/70 HPs)
             Began as a Minotaur Fighter on May 7, 2022.
             Was a Believer of Okawaru.
             Slain by a centaur warrior zombie (4 damage)
             ... on level 6 of the Dungeon.
             The game lasted 00:10:13 (6008 turns).

Peloso the Carver (Minotaur Fighter)                Turns: 6008, Time: 00:10:14

Health: -3/70      AC:  9    Str: 20    XL:     8   Next: 75%
Magic:  6/7        EV: 12    Int:  5    God:    Okawaru [**....]
Gold:   273        SH: 13    Dex: 13    Spells: 7/7 levels left

rFire   . . .      SeeInvis .   a - +1 long sword
rCold   . . .      Faith    .   e - +1 kite shield
rNeg    . . .      Spirit   .   b - +0 scale mail
rPois   .          Reflect  .   (helmet restricted)
rElec   .          Harm     .   (no cloak)
rCorr   .          Rampage  .   (no gloves)
Will    .....                   (no boots)
Stlth   ++........              (no amulet)
HPRegen 0.21/turn               (no ring)
MPRegen 0.10/turn               (no ring)

@: heroic, studying Dodging
A: horns 2, retaliatory headbutt
a: Renounce Religion, Heroism


You were on level 6 of the Dungeon.
You worshipped Okawaru.
Okawaru was pleased with you.
You visited 1 branch of the dungeon, and saw 6 of its levels.

You collected 344 gold pieces.
You spent 71 gold pieces at shops.

Inventory:

Hand Weapons
 a - a +1 long sword (weapon)
Armour
 b - a +0 scale mail (worn)
 c - a +0 buckler
 e - a +1 kite shield (worn)
Wands
 f - a wand of flame (13)
 g - a wand of mindburst (16)
Scrolls
 h - 3 scrolls of enchant armour
 k - 2 scrolls of summoning
 l - a scroll of acquirement
 n - 2 scrolls of magic mapping
 o - 3 scrolls of identify
 r - a scroll of teleportation
 t - a scroll of fear
Potions
 d - 2 potions of might
 j - 2 potions of berserk rage {unknown}
 m - a potion of invisibility {unknown}
 p - 2 potions of cancellation {unknown}
 q - a potion of flight {unknown}
 s - a potion of heal wounds {unknown}


   Skills:
 + Level 6.2(11.2) Fighting
 + Level 8.4(13.4) Long Blades
 + Level 6.9(11.9) Armour
 + Level 3.6(8.6) Dodging
 + Level 1.0(6.0) Stealth
 + Level 7.1(12.1) Shields
 + Level 0.4 Invocations


You had 7 spell levels left.
You didn't know any spells.
Your spell library contained the following spells:

 Spells                   Type           Power      Damage    Failure   Level
 Sublimation of Blood     Necr           0%         N/A       98%         2
 Petrify                  Tmut/Erth      0%         N/A       100%        4
 Irradiate                Conj/Tmut      0%         3d14      100%        5


Dungeon Overview and Level Annotations

Branches:
Dungeon (6/15)
 Temple: D:4-7

Altars:
Fedhas
Okawaru
Ru
Vehumet
Wu Jian
Yredelemnul

Shops:
D:4 ?

Annotations:
D:4 2 transporters
D:6 2 transporters, Bruhh's ghost, novice GrEE


Innate Abilities, Weirdness & Mutations

You have a pair of horns on your head.
You reflexively headbutt those who attack you in melee.


Message History

Unknown command.
You hit the centaur warrior zombie.
The centaur warrior zombie is lightly damaged.
The centaur warrior zombie hits you but does no damage.
The centaur warrior zombie kicks you but does no damage.
You hit the centaur warrior zombie.
The centaur warrior zombie is moderately damaged.
You block the centaur warrior zombie's attack.
The centaur warrior zombie kicks you but does no damage.
You hit the centaur warrior zombie.
Your headbutt misses the centaur warrior zombie.
The centaur warrior zombie is moderately damaged.
You block the centaur warrior zombie's attack. x2
You slash the centaur warrior zombie!
You headbutt the centaur warrior zombie!
The centaur warrior zombie is heavily damaged.
The centaur warrior zombie hits you.
* * * LOW HITPOINT WARNING * * *
You block the centaur warrior zombie's attack.
You hit the centaur warrior zombie.
You headbutt the centaur warrior zombie.
The centaur warrior zombie is heavily damaged.
You block the centaur warrior zombie's attack.
The centaur warrior zombie kicks you but does no damage.
You slash the centaur warrior zombie!
The centaur warrior zombie is severely damaged.
You block the centaur warrior zombie's attack.
The centaur warrior zombie kicks you but does no damage.
You barely miss the centaur warrior zombie.
You headbutt the centaur warrior zombie!
The centaur warrior zombie is almost destroyed.
The centaur warrior zombie hits you.
* * * LOW HITPOINT WARNING * * *
The centaur warrior zombie kicks you but does no damage.
You block the centaur warrior zombie's attack. x2
You completely miss the centaur warrior zombie.
You headbutt the centaur warrior zombie.
The centaur warrior zombie is almost destroyed.
The centaur warrior zombie hits you.
You die...

...........# ##+#######.......
...........+ ........#.......
...........# ........#.......
...........# #.......########
...........###+# #.......##......
...........#....##.......##......
...........#.............#.......
...........#<............##....##
#...[@........##....##
#...Z..........#...(.#
+..............#.....#
#..............'.....#
#..########...##.....# #..
##...######## ... #.....# ...
#.....# #.....#


You could see a centaur warrior zombie.

Vanquished Creatures
  A shadow (D:5)
  A steam dragon (D:6)
  Edmund (D:6)
  3 sky beasts
  An ogre (D:4)
  A necrophage (D:6)
  3 centaurs
  A phantom (D:5)
  2 scorpions (D:5)
  A water moccasin zombie (D:5)
  2 hounds
  A bullfrog skeleton (D:6)
  2 iguanas
  An orc wizard (D:3)
  A killer bee zombie (D:4)
  8 adders
  A shadow imp (D:5)
  2 white imps
  An adder skeleton (D:4)
  4 worms
  9 orcs
  7 ball pythons
  12 endoplasms
  A giant cockroach (D:1)
  11 goblins
  10 hobgoblins
  5 jackals
  5 kobolds
  2 quokkas
  10 bats
  6 frilled lizards
  6 rats
  A spectral goblin (D:1)
123 creatures vanquished.

Vanquished Creatures (others)
  29 plants (D:3)
29 creatures vanquished.

Grand Total: 152 creatures vanquished

Notes
Turn   | Place    | Note
-------+----------+-------------------------------------------
     0 | D:1      | Peloso the Minotaur Fighter began the quest for the Orb.
     0 | D:1      | Reached XP level 1. HP: 19/19 MP: 0/0
    52 | D:1      | You fall into a shaft and drop 1 floor!
   204 | D:2      | Reached XP level 2. HP: 27/27 MP: 1/1
   458 | D:2      | Reached XP level 3. HP: 23/33 MP: 2/2
  1177 | D:3      | Found an iron altar of Okawaru.
  1191 | D:3      | Became a worshipper of Warmaster Okawaru
  1427 | D:1      | Reached skill level 3 in Long Blades
  1431 | D:1      | Reached XP level 4. HP: 36/40 MP: 3/3
  1840 | D:1      | Found a faded altar of an unknown god.
  1994 | D:1      | Identified a scroll of acquirement
  2415 | D:3      | Found a basalt altar of Yredelemnul.
  2495 | D:3      | Found a sacrificial altar of Ru.
  2945 | D:3      | Reached XP level 5. HP: 47/47 MP: 4/4
  3217 | D:4      | Found a radiant altar of Vehumet.
  3341 | D:4      | Found a transporter.
  3382 | D:4      | Found a transporter.
  3390 | D:4      | Found Gecvothrodgh's Magic Scroll Shop.
  3402 | D:4      | Bought a scroll of magic mapping for 45 gold pieces
  3402 | D:4      | Bought a scroll of identify for 26 gold pieces
  3464 | D:4      | Found a blossoming altar of Fedhas.
  3502 | D:4      | Reached skill level 4 in Long Blades
  3502 | D:4      | Reached skill level 5 in Shields
  3506 | D:4      | Reached skill level 5 in Armour
  3880 | D:4      | Noticed a centaur
  3884 | D:4      | Reached XP level 6. HP: 47/55 MP: 5/5
  3891 | D:4      | Reached * piety under Okawaru
  3892 | D:4      | Reached skill level 5 in Fighting
  3892 | D:4      | Reached skill level 1 in Dodging
  3955 | D:4      | Noticed a sky beast
  4312 | D:4      | Reached skill level 5 in Long Blades
  4391 | D:4      | Killed a sky beast
  4392 | D:4      | Reached XP level 7. HP: 53/61 MP: 3/6
  4484 | D:5      | Entered Level 5 of the Dungeon
  4784 | D:5      | Reached skill level 6 in Long Blades
  4787 | D:5      | Reached ** piety under Okawaru
  4953 | D:5      | Reached XP level 8. HP: 59/70 MP: 7/7
  5263 | D:5      | Reached skill level 7 in Long Blades
  5420 | D:5      | Found an ornate altar of the Wu Jian Council.
  5537 | D:6      | Noticed Edmund
  5547 | D:6      | Killed Edmund
  5700 | D:6      | Reached skill level 1 in Stealth
  5868 | D:6      | Found a transporter.
  5868 | D:6      | Noticed Bruhh's ghost (novice GrEE)
  5873 | D:6      | Reached skill level 8 in Long Blades
  5874 | D:6      | Found a transporter.
  5875 | D:6      | Noticed a six-headed hydra
  6007 | D:6      | HP: 1/70 [centaur warrior zombie (4)]
  6008 | D:6      | Slain by a centaur warrior zombie

Illustrated notes

Levels and vault maps discovered:
D:1:      saegor_arrival_under_anarchy, layout_loops_ring,
          dreamdust_ecumenical_altar_drowned_temple
D:2:      layout_basic, chequers_serial_rivers_micro_a, minmay_quantized
D:3:      minmay_wonky_spiral, layout_loops_ring, amcnicky_altar_gilded,
          mainiacjoe_overflow_boulevard,
          mainiacjoe_overflow_concentric_impassable, serial_bayou,
          serial_bayou_pond_d, serial_bayou_crossing, serial_bayou_lake_a,
          serial_bayou_pond_d, serial_bayou_lagoon_b
D:4:      gammafunk_wand_slinger, layout_rooms, fedhas_ov_isle_minmay,
          vehumet_altar_wand_db, serial_shops, shop, nzn_random_ring
D:5:      layout_basic, nicolae_wu_jian_wuxing_cycle, minmay_manual_mares
D:6:      layout_gridville, mainiacjoe_overflow_small_starburst,
          minmay_temple_entry_glassed_door, gammafunk_ghost_arena, uniq_edmund

Skill      XL: |  1  2  3  4  5  6  7  8 |
---------------+-------------------------+-----
Armour         | 4 5 6 |  6.9
Shields        | 4 5 6 7 |  7.1
Fighting       | 4 5 6 |  6.2
Long Blades    | 3 4 5 6 8 |  8.4
Dodging        | 1 2 3 |  3.6
Stealth        | 1 |  1.0
Invocations    | |  0.4

Action                   |  1- 3 |  4- 6 |  7- 9 || total
-------------------------+-------+-------+-------++-------
Melee: Long sword        |    98 |   171 |   106 ||   375
       Headbutt          |    13 |    19 |    25 ||    57
Invok: Heroism           |       |     2 |     1 ||     3
  Use: Scroll            |       |    11 |       ||    11
       Potion            |       |       |     1 ||     1
Armor: Scale mail        |    58 |    74 |    49 ||   181
Dodge: Dodged            |    55 |    60 |    29 ||   144
Block: Buckler           |    17 |       |       ||    17
       Kite shield       |    20 |   105 |    64 ||   189
